 Dungeon Crawl Stone Soup version 0.20.0-8-g6b59dc7 (webtiles) character file.

1852 Hasart the Cudgeler (level 9, -7/62 HPs)
             Began as an Octopode Fighter on June 1, 2017.
             Mangled by a wraith (15 damage)
             ... in an ossuary.
             The game lasted 00:12:42 (5640 turns).

Hasart the Cudgeler (Octopode Fighter)              Turns: 5640, Time: 00:12:42

Health: -7/62      AC:  1    Str: 18    XL:     9   Next: 12%
Magic:  9/9        EV: 14    Int: 15    God:
Gold:   251        SH: 10    Dex: 12    Spells: 8/8 levels left

rFire    . . .     SeeInvis .   c - +3 flail (curse)
rCold    + . .     Gourm    .   b - +0 shield
rNeg     . . .     Faith    .   (helmet restricted)
rPois    .         Spirit   .   w - amulet of magic regeneration
rElec    .         Reflect  .   y - ring of resist corrosion
rCorr    +         Harm     .   g - ring of protection from cold
MR       .....                  (no ring)
Stlth    ++........             (no ring)
Regen    0.2/turn               (no ring)
MPRegen  0.2/turn               (no ring)
                                (no ring)
                                (no ring)

@: brilliant, slowed, very slow
A: almost no armour, stealthy swim, amphibious, 8 rings, constrict 8, camouflage
1, gelatinous body 1
a: no special abilities


You were in an ossuary.
You were not hungry.

You visited 1 branch of the dungeon, and saw 6 of its levels.
You also visited: Ossuary.

You collected 251 gold pieces.

Inventory:

Hand Weapons
 a - a +1 flail
 c - a cursed +3 flail (weapon)
Armour
 b - a +0 shield (worn)
Jewellery
 g - a ring of protection from cold (right tentacle)
 k - an uncursed amulet of harm
 r - an uncursed ring of fire
 w - an amulet of magic regeneration (around mantle)
 y - a ring of resist corrosion (left tentacle)
Scrolls
 f - a scroll of recharging
 l - 2 scrolls of remove curse
 o - 8 scrolls of identify
 p - a scroll of teleportation
Potions
 e - 2 potions of brilliance
 h - 3 potions of curing {unknown}
 j - a potion of heal wounds {unknown}
 m - 2 potions of resistance {unknown}
 n - 2 potions of agility {unknown}
 u - a potion of haste {unknown}
 v - a potion of ambrosia {unknown}
 x - 2 potions of degeneration {unknown}
Comestibles
 d - 4 bread rations
 s - 10 fruits
 t - a royal jelly
 z - 2 meat rations


   Skills:
 + Level 6.0 Fighting
 * Level 7.6 Maces & Flails
 + Level 5.8 Dodging
 + Level 5.9 Shields


You had 8 spell levels left.
You didn't know any spells.

Dungeon Overview and Level Annotations

Branches:
Dungeon (6/15)
 Temple: D:4-7

Altars:
Dithmenos

Shops:
D:6 }


Innate Abilities, Weirdness & Mutations

You cannot wear most types of armour.
You are very stealthy in the water. (Stealth+)
You are amphibious.
You can wear up to eight rings at the same time.
You can use your tentacles to constrict eight enemies at once.
Your skin changes colour to match your surroundings (Stealth+).
Your rubbery body absorbs attacks. (AC +1, EV +1)


Message History

The wraith closely misses you. The wraith hits you!
You closely miss the wraith. Your squeeze misses the wraith.
The wraith is moderately damaged.
The wraith completely misses you.
You hit the wraith.
The wraith is moderately damaged.
The wraith misses you. The wraith hits you!
* * * LOW HITPOINT WARNING * * *
The wraith drains your vigour!
You feel as though you will be slow longer.
You hit the wraith. Your squeeze misses the wraith.
The wraith is moderately damaged.
The wraith closely misses you. The wraith hits you.
* * * LOW HITPOINT WARNING * * *
The wraith drains your vigour!
You feel as though you will be slow longer.
It was a potion of brilliance.
You feel clever all of a sudden. The wraith hits you!
You die...

...####.####..#
..............#
#.........^..#
#......####..#
#...8...'.#..#
.###......####..#
................#
................# #.
#.#.^#@#..#.#..# #.
#..#W#..#'#..# #..
#..#!#..#.#..#
###..###..###..###..#
....................#
............^.......#
####+++#############
##...## ##.....##


You could see a wraith.

Vanquished Creatures
  5 humans (D:6)
  A black bear (D:5)
  3 ogres (D:5)
  A bullfrog (D:6)
  4 wights (D:6)
  2 howler monkeys
  2 crimson imps
  A hound (D:4)
  2 bullfrog skeletons
  An orc wizard (D:4)
  2 jellies
  4 worker ants
  A worker ant zombie (D:5)
  5 adders
  A shadow imp (D:5)
  An ooze (D:5)
  2 worms (D:2)
  5 leopard geckos
  9 orcs
  3 ball pythons
  10 giant cockroaches
  5 goblins
  10 hobgoblins
  8 jackals
  9 bats
  6 frilled lizards
  2 goblin zombies (Ossuary)
  5 kobolds
  A leopard gecko skeleton (D:5)
  2 quokka zombies (D:6)
  3 rats
116 creatures vanquished.

Notes
Turn   | Place    | Note
-------+----------+-------------------------------------------
     0 | D:1      | Hasart the Octopode Fighter began the quest for the Orb.
     0 | D:1      | Reached XP level 1. HP: 16/16 MP: 1/1
    21 | D:1      | Reached XP level 2. HP: 19/21 MP: 2/2
   420 | D:1      | Reached XP level 3. HP: 25/26 MP: 3/3
  1169 | D:2      | Reached skill level 3 in Maces & Flails
  1178 | D:2      | Reached XP level 4. HP: 25/31 MP: 4/4
  1829 | D:2      | Found a shadowy altar of Dithmenos.
  2093 | D:3      | Reached XP level 5. HP: 19/36 MP: 5/5
  3265 | D:4      | Reached skill level 4 in Maces & Flails
  3265 | D:4      | Reached XP level 6. HP: 34/43 MP: 6/6
  4191 | D:5      | Entered Level 5 of the Dungeon
  4198 | D:5      | Reached XP level 7. HP: 49/49 MP: 7/7
  4245 | D:5      | Reached skill level 5 in Maces & Flails
  4576 | D:5      | Reached skill level 5 in Shields
  4670 | D:5      | Reached XP level 8. HP: 54/54 MP: 8/8
  4982 | D:6      | Found Pueh's Gadget Shoppe.
  5017 | D:6      | Reached skill level 5 in Fighting
  5017 | D:6      | Reached skill level 6 in Maces & Flails
  5021 | D:6      | Reached skill level 5 in Dodging
  5249 | D:6      | Reached skill level 7 in Maces & Flails
  5284 | D:6      | Reached XP level 9. HP: 24/62 MP: 9/9
  5330 | D:6      | Found a sand-covered staircase.
  5430 | Ossuary  | Entered an ossuary
  5640 | Ossuary  | Mangled by a wraith

Skill      XL: |  1  2  3  4  5  6  7  8  9 |
---------------+----------------------------+-----
Maces & Flails | 3 4 5 7 |  7.6
Shields        | 4 5 |  5.9
Fighting       | 4 5 6 |  6.0
Dodging        | 4 5 |  5.8

Action                   |  1- 3 |  4- 6 |  7- 9 || total
-------------------------+-------+-------+-------++-------
Melee: Flail             |    82 |   108 |   112 ||   302
       Constrict         |    22 |    25 |    19 ||    66
       Tentacles         |    10 |    22 |    26 ||    58
  Use: Scroll            |       |       |     8 ||     8
       Potion            |       |       |     3 ||     3
 Stab: Sleeping          |     5 |     8 |     7 ||    20
  Eat: Chunk             |     1 |     8 |     5 ||    14
       Fruit             |       |     1 |       ||     1
Armor: Skin              |     8 |     8 |    34 ||    50
Dodge: Dodged            |    34 |    74 |    41 ||   149
Block: Shield            |    36 |    54 |    62 ||   152
